 Dungeon Crawl Stone Soup version 0.26.1-16-g4e020e15dc (webtiles) character file.

Game seed: 11168436623506920638

1709965 grothendieck the Envoy of Void (level 27, 242/242 HPs)
             Began as a Formicid Abyssal Knight on Oct 26, 2023.
             Was a High Priest of Lugonu.
             Escaped with the Orb
             ... and 4 runes on Oct 30, 2023!
             The game lasted 12:34:56 (150224 turns).

grothendieck the Envoy of Void (FoAK)             Turns: 150224, Time: 12:34:57

Health: 242/242    AC: 40    Str: 25    XL:     27
Magic:  40/40      EV: 15    Int: 10    God:    Lugonu [*****.]
Gold:   5894       SH: 23    Dex: 12    Spells: 14/26 levels left

rFire    + + +     SeeInvis +   a - +8 bardiche (vamp)
rCold    + . .     Faith    .   k - +2 tower shield {reflect}
rNeg     . . .     Spirit   .   V - +11 gold dragon scales
rPois    +         Reflect  +   (helmet unavailable)
rElec    +         Harm     .   B - +2 cloak {Will+}
rCorr    .         Rampage  .   y - +0 pair of fencer's gloves {Riposte Dex+3}
Will     ++++.                  F - +1 pair of boots
Stlth    ..........             C - amulet of regeneration
HPRegen  1.70/turn              r - ring "Enka" {rElec Str+2 Dex-3 Stlth+}
MPRegen  0.27/turn              U - ring "Buetu" {+Fly rF++ Will+ Str-5 Slay+2}

@: studying 2 skills
A: permanent stasis, dig shafts and tunnels, four strong arms, antennae 3,
iridescent scales 1, deformed body, dopey 1, mutation resistance 1, regeneration
2, sturdy frame 1
0: Orb of Zot
}: 4/15 runes: decaying, serpentine, silver, abyssal
a: Dig, Shaft Self, Renounce Religion, Evoke Flight, Depart the Abyss, Bend
Space, Banish, Corrupt, Enter the Abyss


You escaped.
You worshipped Lugonu.
Lugonu was extremely pleased with you.
You visited 12 branches of the dungeon, and saw 58 of its levels.
You visited the Abyss 18 times.
You visited 1 bazaar.
You also visited: Trove, Ossuary, Bailey, Ice Cave and Volcano.

You collected 11628 gold pieces.
You spent 5734 gold pieces at shops.

Inventory:

Hand Weapons
 a - a +8 vampiric bardiche (weapon)
 b - a +9 bardiche of freezing
Missiles
 u - 23 curare-tipped darts
 x - 7 silver javelins
 K - 20 javelins
 Y - a throwing net (quivered)
Armour
 k - a +2 tower shield of reflection (worn)
 y - the +0 pair of fencer's gloves (worn) {Riposte Dex+3}
   (You found it in a bailey)

   It affects your dexterity (+3).
 B - a +2 cloak of willpower (worn)
 F - a +1 pair of boots (worn)
 V - +11 gold dragon scales (worn)
Jewellery
 e - an uncursed ring of wizardry
 h - an uncursed ring of resist corrosion
 i - the ring "Lublifog" {+Fly rF++ Str-3}
   (You took it off a black draconian on level 3 of the Realm of Zot)

   [ring of flight]

   It affects your strength (-3).
   It greatly protects you from fire.
   It lets you fly.
 r - the ring "Enka" (left hand) {rElec Str+2 Dex-3 Stlth+}
   (You bought it in a shop on level 2 of the Snake Pit)

   [ring of stealth]

   It affects your strength (+2).
   It affects your dexterity (-3).
   It insulates you from electricity.
   It makes you more stealthy.
 t - the ring of the Dancing Hero {Will+++ MP-9 Str+3 Dex+2 Stlth+}
   (You bought it in a shop on level 1 of the Snake Pit)

   [ring of stealth]

   It affects your strength (+3).
   It affects your dexterity (+2).
   It affects your willpower, your defense against some magical effects.
   It affects your magic capacity (-9).
   It makes you more stealthy.
 A - the ring "Anarch" {Fire Str+4 Int+3 SInv}
   (You bought it in a shop on level 1 of the Snake Pit)

   [ring of fire]

   It enhances your fire magic.
   It affects your strength (+4).
   It affects your intelligence (+3).
   It protects you from fire.
   It makes you vulnerable to cold.
   It lets you see invisible.
 C - an amulet of regeneration (around neck)
 U - the ring "Buetu" (right hand) {+Fly rF++ Will+ Str-5 Slay+2}
   (You found it on level 10 of the Dungeon)

   [ring of willpower]

   It affects your strength (-5).
   It affects your accuracy and damage with ranged weapons and melee attacks
   (+2).
   It greatly protects you from fire.
   It affects your willpower, your defense against some magical effects.
   It lets you fly.
Wands
 j - a wand of acid (43)
 l - a wand of iceblast (45)
 m - a wand of digging (16)
 J - a wand of paralysis (87)
Scrolls
 f - 5 scrolls of magic mapping
 n - 40 scrolls of identify
 v - 13 scrolls of fog
 M - 5 scrolls of fear
 P - 8 scrolls of vulnerability
 S - 18 scrolls of remove curse
 X - 4 scrolls of silence
 Z - 11 scrolls of immolation
Potions
 g - 6 potions of brilliance
 o - 17 potions of flight
 p - 10 potions of ambrosia
 q - 7 potions of magic
 z - 18 potions of curing
 D - 3 potions of mutation
 G - 3 potions of invisibility
 I - 16 potions of heal wounds
 N - 10 potions of might
 Q - 9 potions of lignification
 R - 11 potions of attraction
Books
 w - a manual of Earth Magic
 H - a manual of Translocations
Miscellaneous
 c - a lightning rod (4/4)
 s - a box of beasts
 O - a phial of floods
 W - a phantom mirror


   Skills:
 - Level 25.1 Fighting
 - Level 26.0 Polearms
 - Level 23.3 Armour
 - Level 17.8 Dodging
 - Level 15.0 Shields
 * Level 10.5 Translocations
 + Level 6.9 Transmutations
 + Level 12.1 Earth Magic
 O Level 27 Invocations
 - Level 13.2 Evocations


You had 14 spell levels left.
You knew the following spells:

 Your Spells              Type           Power        Failure   Level
a - Apportation           Tloc           42%          3%          1
c - Wereblood             Tmut           13%          24%         2
l - Lesser Beckoning      Tloc           10%          11%         3
p - Passage of Golubria   Tloc           N/A          34%         4
w - Passwall              Tmut/Erth      15%          9%          2

Your spell library contained the following spells:

 Spells                   Type           Power        Failure   Level
 Sandblast                Erth           48%          1%          1
 Gell's Gravitas          Tloc           10%          11%         3
 Teleport Other           Tloc           21%          11%         3
 Beastly Appendage        Tmut           26%          16%         1
 Lee's Rapid Deconstruct  Erth           12%          45%         5
 Petrify                  Tmut/Erth      19%          47%         4
 Sting                    Tmut/Pois      24%          54%         1
 Stone Arrow              Conj/Erth      24%          56%         3
 Portal Projectile        Hex/Tloc       20%          67%         3
 Spider Form              Tmut/Pois      3%           89%         3
 Animate Skeleton         Necr           0%           95%         1
 Corona                   Hex            0%           95%         1
 Foxfire                  Conj/Fire      0%           95%         1
 Freeze                   Ice            0%           95%         1
 Magic Dart               Conj           0%           95%         1
 Pain                     Necr           0%           95%         1
 Summon Small Mammal      Summ           0%           95%         1
 Ignite Poison            Fire/Tmut/Pois 4%           97%         3
 Iskenderun's Mystic Bla  Conj/Tloc      10%          97%         4
 Call Imp                 Summ           0%           99%         2
 Corpse Rot               Necr/Air       N/A          99%         2
 Ensorcelled Hibernation  Hex/Ice        0%           99%         2
 Poisonous Vapours        Pois/Air       0%           99%         2
 Searing Ray              Conj           0%           99%         2
 Slow                     Hex            0%           99%         2
 Sublimation of Blood     Necr           0%           99%         2
 Blade Hands              Tmut           6%           99%         5
 Borgnjor's Vile Clutch   Necr/Erth      6%           99%         5
 Call Canine Familiar     Summ           0%           100%        3
 Confusing Touch          Hex            0%           100%        3
 Conjure Flame            Conj/Fire      0%           100%        3
 Dazzling Flash           Conj/Hex       0%           100%        3
 Frozen Ramparts          Ice            0%           100%        3
 Inner Flame              Hex/Fire       0%           100%        3
 Mephitic Cloud           Conj/Pois/Air  0%           100%        3
 Ozocubu's Armour         Ice            0%           100%        3
 Static Discharge         Conj/Air       0%           100%        3
 Summon Guardian Golem    Hex/Summ       0%           100%        3
 Tukima's Dance           Hex            0%           100%        3
 Vampiric Draining        Necr           0%           100%        3
 Animate Dead             Necr           0%           100%        4
 Cause Fear               Hex            0%           100%        4
 Dispel Undead            Necr           0%           100%        4
 Fulminant Prism          Conj/Hex       0%           100%        4
 Hailstorm                Conj/Ice       0%           100%        4
 Ice Form                 Ice/Tmut       6%           100%        4
 Olgreb's Toxic Radiance  Pois           0%           100%        4
 Sticky Flame             Conj/Fire      0%           100%        4
 Summon Ice Beast         Ice/Summ       0%           100%        4
 Summon Lightning Spire   Summ/Air       0%           100%        4
 Agony                    Necr           0%           100%        5
 Alistair's Intoxication  Tmut/Pois      4%           100%        5
 Bolt of Magma            Conj/Fire/Erth 4%           100%        5
 Excruciating Wounds      Necr           0%           100%        5
 Fireball                 Conj/Fire      0%           100%        5
 Irradiate                Conj/Tmut      3%           100%        5
 Iskenderun's Battlesphe  Conj           0%           100%        5
 Lightning Bolt           Conj/Air       0%           100%        5
 Metabolic Englaciation   Hex/Ice        0%           100%        5
 Silence                  Hex/Air        0%           100%        5
 Summon Demon             Summ           0%           100%        5
 Summon Forest            Summ/Tloc      5%           100%        5
 Summon Mana Viper        Hex/Summ       0%           100%        5
 Yara's Violent Unravell  Hex/Tmut       3%           100%        5
 Death Channel            Necr           0%           100%        6
 Eringya's Noxious Bog    Tmut/Pois      3%           100%        6
 Freezing Cloud           Conj/Ice/Air   0%           100%        6
 Hydra Form               Tmut           6%           100%        6
 Invisibility             Hex            0%           100%        6
 Iron Shot                Conj/Erth      6%           100%        6
 Ozocubu's Refrigeration  Ice            0%           100%        6
 Shadow Creatures         Summ           N/A          100%        6
 Simulacrum               Ice/Necr       0%           100%        6
 Statue Form              Tmut/Erth      12%          100%        6
 Dragon Form              Tmut           6%           100%        7
 Haunt                    Necr/Summ      0%           100%        7
 Malign Gateway           Summ/Tloc      5%           100%        7
 Orb of Destruction       Conj           0%           100%        7
 Spellforged Servitor     Conj/Summ      0%           100%        7
 Summon Hydra             Summ           0%           100%        7
 Borgnjor's Revivificati  Necr           0%           100%        8
 Discord                  Hex            0%           100%        8
 Infestation              Necr           0%           100%        8
 Necromutation            Tmut/Necr      3%           100%        8
 Death's Door             Necr           0%           100%        9
 Blink                    Tloc           Unusable     N/A         2

Dungeon Overview and Level Annotations

Branches:
Dungeon (15/15)            Temple (1/1) D:4            Lair (6/6) D:8
  Swamp (4/4) Lair:3        Snake (4/4) Lair:4        Slime (5/5) Lair:5
    Orc (2/2) D:9             Elf (3/3) Orc:2        Vaults (5/5) D:14
  Crypt (3/3) Vaults:3       Tomb (0/3) Crypt:3      Depths (5/5) D:15
    Zot (5/5) Depths:5    Ossuary (visited)          Bailey (visited)
  IceCv (visited)         Volcano (visited)

Altars:
Ashenzari
Cheibriados
Dithmenos
Elyvilon
Fedhas
Gozag
Hepliaklqana
Kikubaaqudgha
Makhleb
Nemelex Xobeh
Okawaru
Qazlal
Ru
Sif Muna
Trog
Uskayaw
Vehumet
Wu Jian
Xom
Yredelemnul
Zin
The Shining One
Beogh
Jiyva

Shops:
D:6 }   D:8 !   D:10 }   D:15 [   Orc:2 :!}*   Elf:3 (}   Snake:1 [=[
Snake:2 ==}!   Snake:3 :!   Vaults:2 =[   Vaults:3 ?   Vaults:4 !?(
Vaults:5 [   Depths:2 ***:}**

Portals:
Hell: Depths:1 Depths:2 Depths:3 Depths:4 Depths:5
Abyss: Depths:1 Depths:4
Pandemonium: Depths:3 Depths:5
Ziggurat: Depths:1

Annotations:
Slime:5 Royal Jelly
Depths:2 5 transporters, exclusion: downstairs
Zot:5 corrupted


Innate Abilities, Weirdness & Mutations

You cannot be hasted, slowed, berserked, paralysed or teleported.
You can dig through walls and to a lower floor.
Your four strong arms can wield two-handed weapons with a shield.
You have a pair of large antennae on your head. (SInv)
You are partially covered in iridescent scales. (AC +2)
Armour fits poorly on your strangely shaped body.
You are dopey. (Int -2)
You are somewhat resistant to further mutation.
You heal very quickly.
Your movements are slightly less encumbered by armour. (ER -2)


Message History

What level of the Dungeon? (default 1, ? - help)
There is an open door here.
There is a stone staircase leading up, spattered with blood here.
You climb upwards.
There is a stone staircase leading down here.
There is an open door here.
There is an open door here.
There is an open door here.
There is a staircase leading out of the dungeon here.
As you read the scroll of summoning, it crumbles to dust.
Wisps of shadow whirl around you...
As you read the scroll of summoning, it crumbles to dust.
Wisps of shadow whirl around you...
As you read the scroll of summoning, it crumbles to dust.
Wisps of shadow whirl around you...
As you read the scroll of summoning, it crumbles to dust.
Wisps of shadow whirl around you...
As you read the scroll of summoning, it crumbles to dust.
Wisps of shadow whirl around you...
The shadows disperse without effect.
You have escaped!

..#.# #.# #.###.........##.#
#...###.###.............#.##
##.............#'#.....###.#
####.##.......#.#....###.##
# ##..##.#....#'#...###.##
####......#....#.#..###.##
.##.......##.###K##.##.##
..........#####KlK###.#.#
.........)))'.KK@lK.'.'.#
##........#####lrg#####.#
.#.........#..##g##....)#
.#.........#...#.#......#
...............#'#....รท.#
...............#.#......#
.#.............#'#......#
.#.........#####.#.....##
...........# #........#


You could see a friendly leopard gecko (summoned), 2 friendly hobgoblins, 6
friendly kobolds, 2 friendly frilled lizards and a friendly rat (summoned).

Vanquished Creatures
  5 orbs of fire
  3 ancient liches
  Mara (Swamp:4)
  Boris (thrice) (Vaults:3 D:15 Crypt:2)
  Bai Suzhen (Depths:3)
  Margery (Depths:3)
  Frederick (Vaults:2)
  4 Killer Klowns (Zot:5)
  Vashnia (Snake:4)
  2 curse toes
  10 golden dragons
  Nikola (Depths:1)
  A profane servitor (Abyss:1)
  the Enchantress (Depths:1)
  2 shard shrike zombies
  6 bone dragons
  4 electric golems
  A hellephant (Abyss:3)
  12 liches
  28 Orb Guardians
  15 tentacled monstrosities
  Asterion (Snake:2)
  3 Hell Sentinels
  50 large abominations
  Jorgrun (Swamp:3)
  7 acid blobs
  7 quicksilver dragons
  4 titans
  2 deep elf blademasters
  A sphinx (Vaults:5)
  A kraken (Abyss:2)
  2 deep elf master archers (Elf:3)
  Gastronok (Orc:1)
  9 ancient champions
  10 death cobs
  21 tentacled starspawn
  15 shadow dragons
  4 tengu reavers
  3 thorn hunters
  20 storm dragons
  15 draconian monks
  3 Executioners
  Donald (Elf:2)
  11 fire giants
  A daeva (Abyss:2)
  2 revenants
  8 deep elf sorcerers
  10 frost giants
  5 draconian knights
  5 azure jellies
  A fenstrider witch (Swamp:3)
  7 nagarajas
  19 vault wardens
  4 ghost moths
  Louise (Swamp:2)
  5 draconian scorchers
  An orc warlord (D:9)
  2 balrugs
  2 iron dragons
  2 cacodemons
  4 draconian annihilators
  7 draconian shifters
  9 deep elf elementalists
  2 curse skulls (Crypt:3)
  Aizul (Snake:4)
  3 draconian stormcallers
  2 angels
  The ghost of reasonance the Severer, a journeyman GrBe of Trog (Orc:1)
  4 ghouls
  3 war gargoyles (Vaults:5)
  2 vampire knights
  15 stone giants
  16 ironheart preservers
  2 reapers
  20 very ugly things
  3 spriggan defenders (Depths:1)
  19 green draconians
  6 dire elephants (Lair:6)
  An entropy weaver (Vaults:3)
  13 black draconians
  10 deep elf demonologists (Elf:3)
  4 yellow draconians
  13 bunyips
  14 purple draconians
  2 lorocyprocas
  6 deep elf annihilators
  11 red draconians
  9 spark wasps
  13 white draconians
  6 eidola
  2 green deaths
  A crystal guardian (Abyss:3)
  A death ooze (Slime:4)
  11 deep elf death magi
  5 eleionomae
  2 blizzard demons
  13 fire dragons
  A fire dragon (shapeshifter) (Abyss:3)
  A shambling mangrove (Swamp:3)
  10 ettins
  7 jiangshi
  18 great orbs of eyes
  14 yaktaur captains
  10 rakshasas
  Fannar (D:10)
  7 boulder beetles
  2 deep elf high priests (Elf:3)
  A hydra (shapeshifter) (Vaults:5)
  17 hydras
  38 vault guards
  7 ice dragons
  2 catoblepae
  A quicksilver dragon skeleton (Crypt:3)
  3 spriggan air magi
  Erica (Abyss:1)
  23 naga warriors
  4 death knights
  41 two-headed ogres
  The ghost of Froggeryz the Martial Artist, a journeyman OpBe of Trog (D:9)
  9 centaur warriors
  7 anacondas
  11 alligators
  5 deep troll shamans
  9 death yaks
  31 dancing weapons
  4 hell hogs
  10 tengu warriors
  30 thrashing horrors
  11 ogre magi
  4 vampire magi
  2 titan zombies
  A spriggan berserker (Depths:1)
  The ghost of Froggeryz the Slicer, a novice OpBe of Trog (D:9)
  A queen ant (shapeshifter) (Vaults:5)
  7 orc high priests
  8 hell knights
  2 soul eaters
  7 deep troll earth magi
  16 naga sharpshooters
  6 sun demons
  A shock serpent (Depths:2)
  Sonja (Abyss:1)
  26 deep elf knights
  24 wretched stars
  53 small abominations
  27 skeletal warriors
  3 shadow wraiths
  8 sixfirhies
  6 spatial maelstroms
  Nergalle (Lair:4)
  A storm dragon skeleton (Crypt:1)
  A sea snake (shapeshifter) (Elf:2)
  7 goliath frogs
  2 spark wasp zombies (Crypt:1)
  13 naga ritualists
  A torturous demonspawn (Depths:3)
  6 death drakes
  An anaconda zombie (Abyss:4)
  8 wizards
  4 spriggan druids
  An infernal demonspawn (Depths:3)
  4 salamander mystics
  2 shadow demons (Abyss:2)
  12 unseen horrors
  An unseen horror (shapeshifter) (Vaults:2)
  6 flayed ghosts
  18 deep elf archers
  A ghost moth zombie (Crypt:3)
  19 deep trolls
  18 swamp dragons
  16 ironbrand convokers
  2 bog bodies
  Pikel (D:6)
  11 phantasmal warriors
  5 glowing orange brains
  4 lindwurms (Depths:5)
  22 orc knights
  3 golden dragon skeletons
  3 harpies (Vaults:1)
  3 shining eyes
  66 starcursed masses
  A wolf spider zombie (Crypt:1)
  5 necromancers
  3 manticores
  4 wolf spiders
  6 orc sorcerers
  4 oklob plants (Lair:2)
  5 will-o-the-wisps
  A frost giant zombie (Crypt:1)
  13 mana vipers
  43 ugly things
  27 moths of wrath
  20 salamanders
  A salamander (shapeshifter) (Vaults:1)
  A shining eye (shapeshifter) (Depths:1)
  2 cyclopes (D:12)
  A sphinx skeleton (Crypt:1)
  79 deep elf magi
  7 worldbinders
  2 shock serpent zombies
  A frost giant skeleton (Crypt:3)
  A manticore (shapeshifter) (Abyss:3)
  2 stone giant skeletons
  A fire giant skeleton (Abyss:2)
  11 vault sentinels
  An apocalypse crab (Abyss:3)
  A rust devil (Abyss:3)
  Psyche (D:10)
  2 black mambas (shapeshifter)
  45 black mambas
  12 guardian serpents
  22 naga magi
  8 elephants
  3 eyes of devastation
  A torpor snail (Lair:2)
  12 smoke demons
  2 gargoyles
  6 orange demons
  A dire elephant skeleton (Abyss:1)
  11 cane toads
  A hellion (Abyss:1)
  A dire elephant zombie (Abyss:1)
  6 efreet
  10 rime drakes
  10 freezing wraiths
  A golden dragon simulacrum (Abyss:1)
  A red draconian zombie (Crypt:1)
  2 komodo dragons (shapeshifter) (Abyss:4)
  3 kobold demonologists
  3 ice devils
  9 komodo dragons
  2 demonic crawlers
  7 tengu conjurers
  A green draconian skeleton (Crypt:3)
  49 yaktaurs
  12 ancient zymes
  3 red devils (Abyss:4)
  A death yak skeleton (Crypt:2)
  A purple draconian skeleton (Crypt:3)
  3 hellwings
  2 hydra zombies
  Grinder (D:3)
  A merfolk (shapeshifter) (D:14)
  A bloated husk (Swamp:1)
  5 guardian mummies (Crypt:3)
  A moth of wrath zombie (Crypt:3)
  14 trolls
  6 wind drakes (Depths:5)
  21 hornets
  A meliai (shapeshifter) (Depths:4)
  19 polar bears
  Prince Ribbit (D:6)
  5 tyrant leeches
  4 wind drakes (shapeshifter)
  14 blink frogs
  An alligator zombie (Crypt:3)
  32 raiju
  A dream sheep (shapeshifter) (Vaults:5)
  3 dream sheep (Lair:2)
  An ettin zombie (Abyss:1)
  2 centaur simulacra
  14 flying skulls
  86 slime creatures
  2 shadows
  A frost giant simulacrum (Vaults:2)
  2 air elementals (Elf:2)
  14 wraiths
  A vampire (Abyss:2)
  3 redbacks (Vaults:3)
  15 spriggans
  A water elemental (Elf:2)
  50 yaks
  14 ynoxinuls
  2 tarantellas (shapeshifter)
  5 wyverns
  A yak (shapeshifter) (Vaults:4)
  8 basilisks
  17 fire bats
  2 golden eyes (Abyss:2)
  7 fire elementals
  10 vampire mosquitoes
  A basilisk (shapeshifter) (Vaults:2)
  11 neqoxecs
  A golden eye (shapeshifter) (Vaults:3)
  9 chaos spawn
  A wind drake skeleton (Crypt:2)
  3 spatial vortices
  Edmund (D:6)
  A merfolk zombie (Crypt:2)
  74 nagas
  15 swamp worms
  3 wargs
  2 acid dragons
  A cane toad zombie (Crypt:2)
  17 water moccasins
  3 floating eyes
  50 orc warriors
  4 hell hounds
  A fire dragon simulacrum (Crypt:3)
  18 swamp drakes
  An ice dragon simulacrum (Crypt:1)
  A snapping turtle zombie (Crypt:1)
  An eye of draining (shapeshifter) (Vaults:5)
  11 eyes of draining
  4 sky beasts
  2 hornet zombies
  21 ogres
  4 ice beasts
  2 necrophages
  7 phantoms
  24 wolves
  2 lindwurm skeletons
  11 centaurs
  19 boggarts
  4 lemures
  A swamp dragon skeleton (Abyss:3)
  2 big kobolds
  29 bullfrogs
  A gnoll sergeant (D:12)
  A palentonga skeleton (Crypt:3)
  A salamander skeleton (Crypt:1)
  A wyvern zombie (D:12)
  6 earth elementals
  2 wyvern skeletons
  A water moccasin skeleton (D:6)
  4 scorpions
  A troll zombie (Abyss:4)
  A polar bear zombie (Crypt:1)
  5 killer bees
  A spriggan skeleton (Abyss:3)
  15 wights
  3 electric eels
  4 howler monkeys
  A vampire bat (Abyss:4)
  A bullfrog zombie (D:7)
  A centaur zombie (D:8)
  3 crimson imps (Depths:3)
  A human zombie (Abyss:3)
  9 quasits
  8 hounds
  6 jellies
  25 orc wizards
  3 centaur skeletons
  47 orc priests
  11 iron imps
  A bullfrog skeleton (D:11)
  Ijyb (D:3)
  Terence (D:2)
  A gnoll shaman (D:5)
  5 iguanas
  9 worker ants
  An acid dragon skeleton (Crypt:2)
  A hound skeleton (D:11)
  8 mummies
  A howler monkey zombie (D:4)
  2 worker ant zombies
  8 gnolls
  10 adders
  A howler monkey skeleton (D:4)
  An ogre simulacrum (Abyss:1)
  A shadow imp (Abyss:2)
  A tengu simulacrum (Crypt:1)
  12 white imps
  8 ufetubi
  3 oozes
  An adder zombie (D:6)
  A lava snake zombie (Crypt:2)
  3 adder skeletons
  A worm (shapeshifter) (Vaults:5)
  4 worms
  2 dart slugs
  7 leopard geckos
  132 orcs
  A ball python (D:3)
  6 giant cockroaches
  4 goblins
  9 hobgoblins
  6 jackals
  15 kobolds
  5 quokkas
  8 bats
  5 frilled lizards
  A frilled lizard zombie (Crypt:3)
  2 giant cockroach zombies
  2 kobold skeletons
  3 leopard gecko skeletons
  10 rats
  A butterfly (D:1)
  A crawling corpse (Vaults:2)
  4 lurking horrors
  16 starspawn tentacles
  2 tentacles (Abyss:2)
3169 creatures vanquished.

Vanquished Creatures (collateral kills)
  An azure jelly (Slime:1)
  A shining eye (Slime:4)
  A slime creature (Slime:1)
3 creatures vanquished.

Vanquished Creatures (others)
  3 ancient liches
  2 golden dragons (Zot:5)
  The ghost of Dadghomedgh the Thaumaturge, an adept GnWz of Sif Muna (Snake:4)
  The ghost of Froggeryz the Peltast, an adept OpBe of Trog (Snake:4)
  A draconian knight (Zot:5)
  A white draconian (Zot:5)
  A black draconian (Zot:5)
  A hell hog (Abyss:4)
  A spriggan berserker (Depths:1)
  A deep elf mage (Elf:2)
  A moth of wrath (Zot:5)
  A rime drake (IceCv)
  3 yaktaurs (Depths:1)
  A bloated husk (Swamp:2)
  A hornet (Swamp:2)
  A raiju (Abyss:3)
  A yak (IceCv)
  A neqoxec (D:10)
  2 chaos spawn (Abyss:3)
  A swamp worm (Swamp:2)
  A warg (Vaults:2)
  An orc warrior (Vaults:1)
  2 wolves (IceCv)
  2 boggarts
  A scorpion (D:6)
  2 small abominations
  3 quasits (D:10)
  An ufetubus (Abyss:1)
  2 orcs (Vaults:4)
  3 briar patches (Swamp:4)
  8 demonic plants (Abyss:3)
  26 foxfires
  40 fungi
  2 lurking horrors
  92 plants
  48 starspawn tentacles
  4 tentacles (Abyss:2)
264 creatures vanquished.

Grand Total: 3436 creatures vanquished

Notes
Turn   | Place    | Note
-------+----------+-------------------------------------------
     0 | Abyss:1  | grothendieck the Formicid Abyssal Knight began the quest
                  | for the Orb.
     0 | Abyss:1  | Reached XP level 1. HP: 18/18 MP: 2/2
    85 | Abyss:1  | Noticed a small abomination
    86 | D:1      | Escaped the Abyss
   258 | D:1      | Reached XP level 2. HP: 24/24 MP: 3/3
   633 | D:1      | Reached XP level 3. HP: 27/30 MP: 4/4
   736 | D:1      | Reached * piety under Lugonu
  1201 | D:2      | Reached XP level 4. HP: 33/37 MP: 5/5
  2147 | D:2      | Noticed Terence
  2301 | D:1      | Reached XP level 5. HP: 30/42 MP: 6/6
  2536 | D:3      | Noticed Grinder
  2892 | D:3      | Found a hide-covered altar of Uskayaw.
  3342 | D:3      | Noticed Ijyb
  3343 | D:3      | Reached ** piety under Lugonu
  4024 | D:3      | Killed Grinder
  4025 | D:3      | Reached skill level 5 in Fighting
  4025 | D:3      | Reached skill level 5 in Polearms
  4025 | D:3      | Reached XP level 6. HP: 29/51 MP: 7/7
  4025 | D:3      | Reached XP level 7. HP: 32/56 MP: 8/8
  4189 | D:2      | Killed Terence
  4933 | D:4      | Found a staircase to the Ecumenical Temple.
  4982 | Temple   | Entered the Ecumenical Temple
  6339 | D:5      | Entered Level 5 of the Dungeon
  6529 | D:5      | Reached XP level 8. HP: 57/64 MP: 8/10
  6658 | D:5      | Found a glowing golden altar of the Shining One.
  6760 | D:5      | Reached skill level 3 in Invocations
  6773 | D:5      | Found a sand-covered staircase.
  6789 | Ossuary  | Entered an ossuary
  8288 | D:6      | Found a radiant altar of Vehumet.
  8514 | D:6      | Found Zoebrun's Gadget Shop.
  9020 | D:6      | Noticed Prince Ribbit
  9052 | D:6      | Killed Prince Ribbit
  9053 | D:6      | Reached skill level 4 in Invocations
  9053 | D:6      | Reached XP level 9. HP: 32/71 MP: 10/12
  9400 | D:6      | Noticed Edmund
  9469 | D:6      | Killed Edmund
 10073 | D:7      | Reached *** piety under Lugonu
 10266 | D:7      | Reached skill level 5 in Invocations
 10343 | D:7      | Found a shimmering altar of Xom.
 10346 | D:7      | Found a sacrificial altar of Ru.
 10346 | D:7      | Found an iron altar of Okawaru.
 10346 | D:7      | Found an ancient bone altar of Kikubaaqudgha.
 10348 | D:7      | Found a stormy altar of Qazlal.
 10348 | D:7      | Found a blossoming altar of Fedhas.
 10349 | D:7      | Found a shadowy altar of Dithmenos.
 10957 | D:7      | Reached skill level 5 in Armour
 10987 | D:8      | Reached skill level 1 in Shields
 11594 | D:8      | Found a staircase to the Lair.
 11748 | D:8      | Found Mage's Distillery.
 11754 | D:8      | Bought a potion of heal wounds for 75 gold pieces
 11884 | D:8      | Reached skill level 6 in Invocations
 12697 | D:9      | Found a runed translucent gate.
 12697 | D:9      | Found a runed translucent gate.
 12697 | D:9      | Found a runed translucent gate.
 12697 | D:9      | Noticed Froggeryz's ghost (novice OpBe)
 13135 | D:9      | Reached XP level 10. HP: 79/79 MP: 14/14
 13137 | D:9      | Found a staircase to the Orcish Mines.
 14269 | D:6      | Found a glowing silver altar of Zin.
 14269 | D:6      | Found a glowing golden altar of the Shining One.
 14270 | D:6      | Found a white marble altar of Elyvilon.
 14362 | D:6      | Noticed Pikel
 14805 | D:6      | Reached skill level 7 in Invocations
 15220 | D:6      | Killed Pikel
 15287 | D:6      | Reached **** piety under Lugonu
 15565 | D:3      | Killed Ijyb
 16363 | Lair:1   | Entered Level 1 of the Lair of Beasts
 16363 | Lair:1   | Noticed a black mamba
 16373 | D:8      | Killed a black mamba
 16374 | D:8      | Reached skill level 8 in Invocations
 16617 | Lair:1   | Noticed a cane toad
 16636 | Lair:1   | Killed a cane toad
 16637 | Lair:1   | Reached skill level 10 in Polearms
 16911 | Lair:1   | Noticed Erica
 16913 | Lair:1   | Banished Erica
 16914 | Lair:1   | Reached XP level 11. HP: 87/87 MP: 12/17
 17101 | Lair:2   | Noticed an eight-headed hydra
 17103 | Lair:2   | Banished an eight-headed hydra
 17104 | Lair:2   | Reached skill level 5 in Shields
 17104 | Lair:2   | Reached skill level 9 in Invocations
 18397 | Lair:2   | You fall into a shaft and drop 2 floors!
 18398 | Lair:4   | Noticed a four-headed hydra
 18402 | Lair:4   | Noticed Sonja
 18415 | Lair:4   | Found a staircase to the Snake Pit.
 18434 | Lair:4   | Banished a four-headed hydra
 18438 | Lair:4   | Reached skill level 10 in Invocations
 18582 | Lair:4   | Banished Sonja
 18610 | Lair:4   | Reached XP level 12. HP: 90/95 MP: 16/19
 19077 | Lair:4   | Found a dark tunnel.
 19086 | Volcano  | Entered a volcano
 19215 | Lair:3   | Noticed a death yak
 19216 | Lair:3   | Noticed a death yak
 19216 | Lair:3   | Noticed a death yak
 19216 | Lair:3   | Noticed a death yak
 19494 | Lair:2   | Banished a death yak
 19495 | Lair:2   | Reached skill level 11 in Invocations
 19503 | Lair:2   | You fall into a shaft and drop 1 floor!
 19739 | Lair:3   | Found a frozen archway.
 19801 | IceCv    | Entered an ice cave
 21010 | IceCv    | Reached skill level 10 in Fighting
 21090 | IceCv    | Identified Sif Muna's Collected Works on Moulding
 21579 | IceCv    | Reached XP level 13. HP: 103/103 MP: 19/21
 21801 | IceCv    | Reached skill level 12 in Invocations
 22103 | IceCv    | Identified the +11 falchion "Roiph" {pain, +Blink Will+
                  | Int+6}
 22103 | IceCv    | Noticed a frost giant
 24996 | Lair:4   | Reached skill level 13 in Invocations
 25181 | Lair:4   | Noticed Nergalle
 25943 | Lair:5   | Noticed a boulder beetle
 25959 | Lair:5   | Killed a boulder beetle
 26158 | Lair:5   | Found a staircase to the Slime Pits.
 26159 | Lair:5   | Found a viscous altar of Jiyva.
 26197 | Lair:5   | Noticed an eight-headed hydra
 26209 | Lair:5   | Killed a 13-headed hydra
 26210 | Lair:5   | Reached XP level 14. HP: 79/111 MP: 15/23
 26737 | Lair:6   | Entered Level 6 of the Lair of Beasts
 27128 | Lair:5   | Reached skill level 10 in Armour
 28183 | Lair:6   | Found a hide-covered altar of Uskayaw.
 28313 | Lair:6   | Found an ornate altar of the Wu Jian Council.
 28363 | Lair:6   | Reached skill level 10 in Shields
 29686 | Lair:3   | Found a staircase to the Swamp.
 30182 | D:9      | Identified the +3 ring mail of Altruism {Dex+4}
 30219 | D:9      | Reached skill level 14 in Invocations
 30329 | Orc:1    | Entered Level 1 of the Orcish Mines
 30340 | D:9      | Reached XP level 15. HP: 117/120 MP: 25/25
 30544 | Orc:1    | Noticed Gastronok
 30557 | Orc:1    | Killed Gastronok
 30615 | Orc:1    | Noticed an orc warlord
 30643 | D:9      | Killed an orc warlord
 30894 | Orc:1    | Reached ***** piety under Lugonu
 30911 | Orc:1    | Found a roughly hewn altar of Beogh.
 31038 | Orc:1    | Found a transporter.
 31125 | Orc:2    | Entered Level 2 of the Orcish Mines
 31954 | Orc:1    | Noticed reasonance's ghost (journeyman GrBe)
 31954 | Orc:1    | Identified the +7 great mace "Xikut" {freeze, rElec Str+4
                  | Int-5}
 31954 | Orc:1    | Identified the cursed +0 dire flail "Earthworm" {speed, rF+
                  | rN+ Dex+5}
 31969 | Orc:1    | Found a transporter.
 31975 | Orc:1    | Found a transporter.
 32095 | Orc:1    | Found a roughly hewn altar of Beogh.
 32095 | Orc:1    | Found a transporter.
 32426 | Orc:2    | Found a staircase to the Elven Halls.
 32479 | Orc:2    | Found a bloodstained altar of Trog.
 34092 | Orc:1    | Reached skill level 15 in Polearms
 34232 | Orc:2    | Found Oxzounai's General Store.
 34232 | Orc:2    | Found Pesk's Book Shop.
 34233 | Orc:2    | Found Ontamm's Gadget Shop.
 34233 | Orc:2    | Found Siureosk's Distillery.
 34451 | Orc:2    | Bought a potion of heal wounds for 70 gold pieces
 34451 | Orc:2    | Bought 2 potions of heal wounds for 140 gold pieces
 34451 | Orc:2    | Bought a potion of heal wounds for 70 gold pieces
 34615 | D:10     | Entered Level 10 of the Dungeon
 34698 | D:10     | Noticed Fannar
 34729 | D:10     | Killed Fannar
 34751 | D:10     | Got an ancient bronze ring
 34783 | D:10     | Found a transporter.
 34803 | D:10     | Reached ****** piety under Lugonu
 34809 | D:10     | Noticed Froggeryz's ghost (journeyman OpBe)
 34833 | D:10     | Found Zidot's Gadget Boutique.
 34913 | D:10     | Found a transporter.
 35240 | D:10     | Noticed Psyche
 35398 | D:11     | Found a flagged portal.
 35435 | D:11     | Identified the ring "Buetu" {+Fly rF++ Will+ Str-5 Slay+2}
                  | (You found it on level 10 of the Dungeon)
 35452 | Bailey   | Entered a bailey
 35786 | Bailey   | Found the +0 pair of fencer's gloves {Riposte Dex+3}
 35789 | Bailey   | Got a pair of dazzling boots
 35933 | D:11     | Identified the +2 pair of boots "Fatae" {*Slow +Inv +Fly
                  | Stlth+} (You found it in a bailey)
 37769 | D:12     | Learned a level 2 spell: Passwall
 37774 | D:12     | Learned a level 4 spell: Passage of Golubria
 37778 | D:12     | Learned a level 3 spell: Lesser Beckoning
 38028 | D:12     | Reached XP level 16. HP: 109/129 MP: 27/27
 39108 | D:13     | Identified the Collected Works on Harmful Malediction
 39118 | D:13     | You fall into a shaft and drop 2 floors!
 39118 | D:15     | Entered Level 15 of the Dungeon
 39199 | D:15     | Found Zuletah's Antique Armour Shop.
 40090 | D:10     | Killed Psyche
 40673 | D:14     | Reached skill level 15 in Invocations
 41486 | D:14     | Reached skill level 1 in Evocations
 42583 | D:15     | Found a shadowy altar of Dithmenos.
 42948 | D:15     | Reached skill level 1 in Dodging
 43263 | D:15     | Noticed a frost giant
 43287 | D:15     | Killed a frost giant
 43377 | D:15     | Found a staircase to the Depths.
 43572 | D:14     | Found a gate to the Vaults.
 43958 | D:9      | Killed Froggeryz's ghost
 44015 | Orc:1    | Identified the +1 robe "Teqenn Yren" {Int+5}
 44032 | Orc:1    | You fall into a shaft and drop 1 floor!
 44528 | Orc:1    | Killed reasonance's ghost
 44533 | Orc:1    | Reached XP level 17. HP: 108/137 MP: 22/28
 45592 | Lair:4   | Killed Nergalle
 45742 | Swamp:1  | Entered Level 1 of the Swamp
 46134 | Swamp:2  | Noticed Louise
 47061 | Snake:1  | Entered Level 1 of the Snake Pit
 47353 | Snake:1  | Identified 2 scrolls of acquirement
 47354 | Snake:1  | Acquired the amulet of Toebrivoacw {RegenMP +Inv}
 47426 | Snake:1  | Found Gugot's Armour Emporium.
 47522 | Snake:1  | Reached skill level 5 in Evocations
 47718 | Snake:1  | Acquired a manual of Invocations
 47929 | Snake:1  | Found Gyagi's Jewellery Boutique.
 48073 | Snake:1  | Found Xuman's Antique Armour Shop.
 48715 | Snake:2  | Reached skill level 16 in Invocations
 49717 | Snake:2  | Noticed Asterion
 50141 | Snake:2  | Found Koisaudo's Distillery.
 50184 | Snake:3  | Reached XP level 18. HP: 140/146 MP: 30/30
 50393 | Snake:3  | Found Ydets's Distillery.
 50654 | Snake:3  | Escaped the Abyss
 50662 | Snake:3  | Reached skill level 5 in Dodging
 50972 | Snake:2  | Killed Asterion
 51086 | Snake:2  | Found Atyuts's Gadget Emporium.
 51086 | Snake:2  | Found Zenaetae's Jewellery Shop.
 51087 | Snake:2  | Found Rorenwoc's Jewellery Shop.
 51567 | Snake:3  | Found Tinay's Book Shop.
 52039 | Snake:4  | Entered Level 4 of the Snake Pit
 52595 | Snake:4  | Found a runed translucent gate.
 52595 | Snake:4  | Found a runed translucent gate.
 52595 | Snake:4  | Found a runed translucent gate.
 52596 | Snake:4  | Noticed Froggeryz's ghost (adept OpBe)
 52596 | Snake:4  | Noticed Dadghomedgh's ghost (adept GnWz)
 52999 | Snake:4  | Reached skill level 17 in Invocations
 53713 | Snake:3  | Bought a potion of heal wounds for 70 gold pieces
 56064 | Snake:4  | Reached XP level 19. HP: 151/153 MP: 31/31
 57788 | Snake:1  | Bought the +18 shield of the Gong {rElec rN+ Will+ EV-5}
                  | for 1556 gold pieces
 57788 | Snake:1  | Found the +18 shield of the Gong {rElec rN+ Will+ EV-5}
 58144 | Swamp:2  | Killed Louise
 59154 | Swamp:3  | Noticed Jorgrun
 59569 | Swamp:3  | Reached skill level 18 in Invocations
 59819 | Swamp:3  | Reached skill level 15 in Fighting
 60276 | Swamp:3  | Killed Jorgrun
 61171 | Swamp:4  | Entered Level 4 of the Swamp
 61775 | Swamp:4  | Noticed Mara
 62390 | Lair:1   | Acquired a +1 bardiche of venom
 62840 | Snake:1  | Bought the ring of the Dancing Hero {Will+++ MP-9 Str+3
                  | Dex+2 Stlth+} for 354 gold pieces
 63279 | Snake:4  | Noticed Vashnia
 63289 | Snake:4  | Killed Vashnia
 63290 | Snake:4  | Reached XP level 20. HP: 162/162 MP: 33/33
 63761 | Snake:4  | Reached skill level 15 in Shields
 64635 | Snake:4  | Noticed Aizul
 64672 | Snake:4  | Killed Aizul
 64673 | Snake:4  | Reached skill level 19 in Invocations
 65372 | Snake:4  | Got a serpentine rune of Zot
 65546 | Snake:4  | Corrupted Snake:4
 65552 | Snake:4  | Killed Froggeryz's ghost
 65556 | Snake:4  | Killed Dadghomedgh's ghost
 65731 | Snake:4  | Got a clouded iron amulet
 65796 | Snake:4  | Got an encrusted ring mail
 65971 | Lair:1   | Identified the amulet of Hyor {Reflect Int+4 SH+5} (You
                  | found it on level 4 of the Snake Pit)
 66161 | Snake:2  | Bought the ring "Enka" {rElec Str+2 Dex-3 Stlth+} for 382
                  | gold pieces
 66450 | Vaults:1 | Entered Level 1 of the Vaults
 66730 | Elf:1    | Entered Level 1 of the Elven Halls
 67065 | Elf:1    | Reached skill level 15 in Armour
 67351 | Elf:1    | Learned a level 1 spell: Apportation
 68515 | Elf:1    | Reached XP level 21. HP: 152/165 MP: 34/34
 69348 | Elf:2    | Found a radiant altar of Vehumet.
 70024 | Elf:2    | Found a huge runed translucent gate.
 70024 | Elf:2    | Found a huge runed translucent gate.
 70025 | Elf:2    | Found a huge runed translucent gate.
 70025 | Elf:2    | Found a huge runed translucent gate.
 70029 | Elf:2    | Found a huge runed translucent gate.
 70072 | Elf:3    | Entered Level 3 of the Elven Halls
 70117 | Elf:3    | Found Melol's Gadget Boutique.
 70183 | Elf:3    | Found Leniupro's Antique Weapon Shop.
 70906 | Elf:3    | Reached skill level 20 in Invocations
 71492 | Elf:3    | Escaped the Abyss
 73094 | Elf:3    | Identified the +3 chain mail of Honour {rPois Str+2 Dex-5}
 73313 | Elf:3    | Reached XP level 22. HP: 179/179 MP: 36/36
 73667 | Elf:3    | Found the +10 morningstar "Eos" {elec, Halo rElec}
 74041 | Elf:3    | Identified the +5 arbalest of Capn {penet, rN++ Str-5 SInv
                  | Stlth+} (You found it on level 3 of the Elven Halls)
 74051 | Elf:3    | Identified the +2 pair of gloves of Untruth {+Inv rN+++
                  | Str-4 Int-3} (You found it on level 3 of the Elven Halls)
 74160 | Elf:3    | Got a heavily runed scale mail
 74463 | Elf:2    | Noticed Donald
 74484 | Elf:2    | Killed Donald
 75106 | Elf:2    | Reached skill level 10 in Dodging
 78541 | Vaults:4 | Reached XP level 23. HP: 173/187 MP: 37/37
 78634 | Vaults:4 | Found a flickering gateway to a bazaar.
 78646 | Bazaar   | Entered a bazaar
 78681 | Bazaar   | Found Yrirad's Jewellery Emporium.
 78697 | Bazaar   | Found Kytaxty's Book Shoppe.
 78697 | Bazaar   | Found Ciklu's Antique Weapon Emporium.
 78719 | Bazaar   | Found Asusuiwe's Weapon Shoppe.
 78787 | Bazaar   | Bought the ring "Cenoare" {rF- rC+ Int+5 Slay+3} for 625
                  | gold pieces
 79743 | Vaults:3 | Found Xukirpho's Magic Scroll Boutique.
 80296 | Vaults:4 | Found Tont's Distillery.
 80303 | Vaults:4 | Bought a potion of heal wounds for 95 gold pieces
 80353 | Vaults:4 | Found Anlu's Magic Scroll Shoppe.
 80704 | Vaults:3 | Learned a level 2 spell: Wereblood
 81198 | Vaults:3 | Noticed Boris
 81219 | Vaults:3 | Killed Boris
 81618 | Vaults:4 | Found Wycraq's Weapon Boutique.
 82871 | Vaults:2 | Found Fichues's Antique Armour Shop.
 83158 | Vaults:2 | Found Rofol's Jewellery Boutique.
 83477 | Vaults:3 | Reached skill level 10 in Evocations
 83899 | Vaults:2 | Reached XP level 24. HP: 179/197 MP: 37/37
 84419 | Vaults:2 | Noticed Frederick
 85029 | Vaults:1 | Found a blossoming altar of Fedhas.
 85480 | Vaults:1 | Reached skill level 21 in Invocations
 86025 | Vaults:2 | Killed Frederick
 86752 | Vaults:3 | Found a staircase to the Crypt.
 86958 | Vaults:3 | Identified the Compendium of Weightlessness and
                  | Translocation
 87013 | Vaults:3 | Found a radiant altar of Vehumet.
 87015 | Vaults:3 | Found the +2 hat of the Bear Spirit {Spirit, +Rage rN+
                  | Will++}
 88265 | Depths:1 | Entered Level 1 of the Depths
 88265 | Depths:1 | Found a gateway to a ziggurat.
 88268 | Depths:1 | Noticed Boris
 88315 | D:15     | Killed Boris
 89066 | Depths:1 | Got a scorched turquoise ring
 89081 | Depths:1 | Identified the ring of Wydwuhen {Fire +Fly} (You found it
                  | on level 1 of the Depths)
 89731 | Depths:1 | Found a gateway to Hell.
 89774 | Depths:2 | Found Qeuc's Book Shop.
 90067 | Depths:1 | Noticed Nikola
 90079 | Depths:1 | Killed Nikola
 90621 | Depths:1 | Found a one-way gate to the infinite horrors of the Abyss.
 90801 | Depths:2 | Noticed the Enchantress
 91192 | Depths:2 | Found Foec's Assorted Antiques.
 91240 | Depths:1 | Reached XP level 25. HP: 186/205 MP: 37/37
 91364 | Depths:1 | Killed the Enchantress
 92358 | Depths:2 | Found Onepopp's General Store.
 92529 | Depths:2 | Found a transporter.
 92532 | Depths:2 | Found a transporter.
 92533 | Depths:2 | Noticed a caustic shrike
 92708 | Depths:2 | Found Plog's Gadget Boutique.
 92715 | Depths:2 | Found Nihol's Serpentskin Sales.
 93098 | Depths:2 | Found a transporter.
 93152 | Depths:2 | Identified the ring "Yrremag" {*Contam *Drain rElec rN+
                  | Dex+8}
 93540 | Depths:2 | Found Emay's Assorted Antiques.
 93994 | Depths:2 | Found Wimnorama's General Store.
 94062 | Depths:2 | Found a transporter.
 94063 | Depths:2 | Found a transporter.
 94485 | Depths:3 | Noticed Margery
 96515 | Depths:3 | Killed Margery
 97095 | Depths:3 | Noticed Bai Suzhen
 97758 | Depths:4 | Found a portal to a secret trove of treasure.
 97791 | Depths:5 | Entered Level 5 of the Depths
 98575 | Depths:4 | Reached XP level 26. HP: 174/210 MP: 37/37
 98900 | Depths:5 | Reached skill level 22 in Invocations
 99122 | Depths:5 | Found a one-way gate leading to the halls of Pandemonium.
102472 | Depths:5 | Found a gate to the Realm of Zot.
105831 | Depths:2 | Bought a scroll of enchant armour for 195 gold pieces
106073 | Lair:1   | Identified the +1 ring mail of the Vaults {+Inv rC+ rN+
                  | rCorr Dex-2} (You found it on level 4 of the Snake Pit)
106463 | Depths:2 | Bought a dented cameo amulet for 130 gold pieces
106463 | Depths:2 | Bought a scroll of summoning for 247 gold pieces
106714 | D:8      | Bought a potion of heal wounds for 75 gold pieces
106955 | Lair:2   | Got a shimmering wooden ring
107262 | Lair:6   | Identified the ring "Neijydy" {rPois Int+4 Dex+7} (You
                  | found it on level 2 of the Lair of Beasts)
107648 | Lair:6   | Found the +0 staff of Battle
108001 | D:10     | Corrupted D:10
108031 | D:9      | Killed Froggeryz's ghost
109541 | Swamp:4  | Killed Mara
109542 | Swamp:4  | Reached XP level 27. HP: 222/222 MP: 38/38
109946 | Swamp:4  | Got a decaying rune of Zot
110808 | Depths:1 | Voluntarily entered the Abyss.
110891 | Abyss:1  | Got a transparent mace
110905 | Depths:1 | Escaped the Abyss
110907 | Depths:1 | Voluntarily entered the Abyss.
111245 | Abyss:2  | Reached skill level 23 in Invocations
111479 | Depths:1 | Escaped the Abyss
111946 | Depths:1 | Voluntarily entered the Abyss.
111960 | Abyss:1  | Killed Erica
112360 | Depths:1 | Escaped the Abyss
112425 | Depths:1 | Voluntarily entered the Abyss.
112781 | Abyss:1  | Killed Sonja
112861 | Abyss:1  | Found a corrupted altar of Lugonu.
112909 | Depths:1 | Escaped the Abyss
112911 | Depths:1 | Voluntarily entered the Abyss.
112990 | Abyss:2  | Found a corrupted altar of Lugonu.
113369 | Depths:1 | Escaped the Abyss
113467 | Depths:1 | Voluntarily entered the Abyss.
113743 | Abyss:3  | Found a corrupted altar of Lugonu.
113956 | Abyss:3  | Found a huge runed translucent gate.
114025 | Abyss:3  | Found a runed translucent door.
114028 | Abyss:3  | Found a runed translucent door.
114084 | Abyss:3  | Found a runed translucent door.
114094 | Abyss:3  | Found a huge runed translucent gate.
114146 | Abyss:3  | Gained mutation: Scrolls take you a little longer to read.
                  | [a neqoxec]
114157 | Abyss:3  | Lost mutation: Scrolls take you a little longer to read.
                  | [potion of mutation]
114157 | Abyss:3  | Gained mutation: You are weak. (Str -2) [potion of
                  | mutation]
114157 | Abyss:3  | Gained mutation: You are robust. (+10% HP) [potion of
                  | mutation]
114195 | Depths:1 | Escaped the Abyss
114306 | Depths:1 | Voluntarily entered the Abyss.
114497 | Depths:1 | Escaped the Abyss
114673 | Depths:1 | Voluntarily entered the Abyss.
114801 | Abyss:1  | Found a corrupted altar of Lugonu.
114926 | Depths:1 | Escaped the Abyss
115029 | Depths:1 | Voluntarily entered the Abyss.
115035 | Abyss:1  | Found a corrupted altar of Lugonu.
115083 | Abyss:1  | Reached skill level 24 in Invocations
115095 | Abyss:1  | Found a bloodstained altar of Trog.
115266 | Depths:1 | Escaped the Abyss
115381 | Depths:1 | Voluntarily entered the Abyss.
115538 | Abyss:2  | Found a runed translucent door.
116060 | Abyss:4  | Gained mutation: Armour fits poorly on your strangely
                  | shaped body. [a neqoxec]
116062 | Depths:1 | Escaped the Abyss
116173 | Depths:1 | Voluntarily entered the Abyss.
116293 | Abyss:1  | Found a corrupted altar of Lugonu.
116300 | Abyss:1  | Found a corrupted altar of Lugonu.
116545 | Abyss:3  | Found a bloodstained altar of Trog.
116649 | Abyss:4  | Identified the +0 mace of Courage {holy, Str+2} (You found
                  | it on level 1 of the Abyss)
116650 | Abyss:4  | Identified the cursed +1 ring mail of Zihada {rF+ Stlth+}
                  | (You found it on level 4 of the Abyss)
116761 | Abyss:4  | Identified the ring "Aweuh" {rElec rF+ Int-4 SInv Stlth-}
116827 | Depths:1 | Escaped the Abyss
116893 | Depths:1 | Voluntarily entered the Abyss.
117267 | Depths:1 | Escaped the Abyss
118017 | Crypt:1  | Entered Level 1 of the Crypt
119903 | Crypt:3  | Entered Level 3 of the Crypt
120687 | Crypt:2  | Reached skill level 25 in Invocations
120870 | Crypt:3  | Noticed Boris
120908 | Crypt:2  | Killed Boris
122605 | Crypt:3  | Noticed an ancient lich
122882 | Crypt:2  | Killed an ancient lich
123003 | Crypt:3  | Noticed an ancient lich
123003 | Crypt:3  | Noticed an ancient lich
123017 | Crypt:3  | Corrupted Crypt:3
123023 | Crypt:3  | Killed an ancient lich
123026 | Crypt:3  | Killed an ancient lich
123188 | Crypt:3  | Identified the Papyrus of Sinister Magic
123191 | Crypt:3  | Got a heavily runed brass ring
123192 | Crypt:3  | Identified the Volume of Harmful Black Secrets
123211 | Crypt:3  | Identified the ring of Ililuf {Ice Int+8} (You found it on
                  | level 3 of the Crypt)
123441 | Crypt:3  | Found a staircase to the Tomb.
123680 | Crypt:2  | Found an ancient bone altar of Kikubaaqudgha.
124456 | Depths:4 | You paid a toll of 4 potions of resistance to enter a
                  | treasure trove
124457 | Trove    | Entered a treasure trove
124491 | Trove    | Identified Hyxoa's Incunabulum of the Glacial Traveller
124706 | Depths:3 | Killed Bai Suzhen
125070 | Depths:3 | Gained mutation: You are clumsy. (Dex -2) [a neqoxec]
125605 | Vaults:4 | Bought a scroll of brand weapon for 240 gold pieces
125605 | Vaults:4 | Bought a scroll of brand weapon for 240 gold pieces
125682 | Vaults:3 | Bought a scroll of enchant weapon for 165 gold pieces
125684 | Vaults:3 | Acquired 810 gold pieces
126043 | Snake:2  | Bought an uncursed ring of resist corrosion for 260 gold
                  | pieces
126127 | Slime:1  | Entered Level 1 of the Pits of Slime
126394 | Slime:1  | Gained mutation: Your spells are a little easier to cast,
                  | but a little less powerful. [a shining eye]
126395 | Slime:1  | Gained mutation: You do not regenerate when monsters are
                  | visible. [a shining eye]
126448 | Lair:5   | Lost mutation: Your spells are a little easier to cast, but
                  | a little less powerful. [potion of mutation]
126448 | Lair:5   | Lost mutation: You are robust. (+10% HP) [potion of
                  | mutation]
126448 | Lair:5   | Gained mutation: Scrolls take you a little longer to read.
                  | [potion of mutation]
126448 | Lair:5   | Gained mutation: You are partially covered in iridescent
                  | scales. (AC +2) [potion of mutation]
126448 | Lair:5   | Gained mutation: Your flesh is cold resistant. (rC+)
                  | [potion of mutation]
126449 | Lair:5   | Lost mutation: You are weak. (Str -2) [potion of mutation]
126449 | Lair:5   | Lost mutation: Your flesh is cold resistant. (rC+) [potion
                  | of mutation]
126449 | Lair:5   | Gained mutation: Your muscles are strong. (Str +2) [potion
                  | of mutation]
126450 | Lair:5   | Lost mutation: Your muscles are strong. (Str +2) [potion of
                  | mutation]
126450 | Lair:5   | Lost mutation: You do not regenerate when monsters are
                  | visible. [potion of mutation]
126450 | Lair:5   | Lost mutation: Armour fits poorly on your strangely shaped
                  | body. [potion of mutation]
126450 | Lair:5   | Gained mutation: Your movements are slightly less
                  | encumbered by armour. (ER -2) [potion of mutation]
126451 | Lair:5   | Lost mutation: Scrolls take you a little longer to read.
                  | [potion of mutation]
126451 | Lair:5   | Lost mutation: You are clumsy. (Dex -2) [potion of
                  | mutation]
126451 | Lair:5   | Gained mutation: Your muscles are strong. (Str +2) [potion
                  | of mutation]
126451 | Lair:5   | Gained mutation: Your flesh is cold resistant. (rC+)
                  | [potion of mutation]
126610 | Slime:2  | Gained mutation: Your spells are a little easier to cast,
                  | but a little less powerful. [a shining eye]
126611 | Slime:2  | Gained mutation: Your magical capacity is low. (-10% MP) [a
                  | shining eye]
126941 | Slime:5  | Entered Level 5 of the Pits of Slime
130095 | Slime:5  | Noticed the Royal Jelly
130615 | Vaults:5 | Entered Level 5 of the Vaults
130615 | Vaults:5 | Found Haehoqod's Armour Shoppe.
130759 | Vaults:5 | Reached skill level 26 in Invocations
131042 | Vaults:5 | Identified the Papyrus of Supportive Transmigration
131491 | Vaults:5 | Got a silver rune of Zot
132182 | Vaults:5 | Identified the amulet "Pumem" {Faith Int+3}
132777 | Vaults:5 | Found the +12 glaive of Prune {vorpal}
133750 | Vaults:5 | Got a pair of ichor-stained gloves
133796 | Vaults:5 | Identified the -3 pair of gloves of the Manifold Shrikes
                  | {+Fly Will- Int+2} (You found it on level 5 of the Vaults)
134434 | Zot:1    | Entered Level 1 of the Realm of Zot
135470 | Zot:3    | Cast into level 2 of the Abyss (green draconian)
135528 | Zot:3    | Escaped the Abyss
135557 | Zot:3    | Reached skill level 15 in Dodging
135926 | Zot:2    | Reached skill level 27 in Invocations
136580 | Orc:2    | Bought a potion of lignification for 42 gold pieces
136885 | Snake:3  | Bought a potion of lignification for 42 gold pieces
136949 | Snake:1  | Bought the ring "Anarch" {Fire Str+4 Int+3 SInv} for 661
                  | gold pieces
137597 | Zot:2    | Reached skill level 1 in Translocations
137874 | Zot:3    | You fall into a shaft and drop 1 floor!
138962 | Zot:3    | Identified the ring of Nalick {Int+2 Dex+6}
138962 | Zot:3    | Identified the ring "Lublifog" {+Fly rF++ Str-3}
139565 | Zot:4    | Reached skill level 5 in Translocations
140022 | Zot:4    | Noticed a Killer Klown
140050 | Zot:3    | a Killer Klown changed into a golden dragon
140581 | Zot:5    | Entered Level 5 of the Realm of Zot
141087 | Zot:4    | Noticed an orb of fire
141102 | Zot:4    | Gained mutation: You are frail. (-10% HP) [an orb of fire]
141108 | Zot:4    | Gained mutation: Your body sometimes deteriorates upon
                  | taking damage. [an orb of fire]
141110 | Zot:4    | Killed an orb of fire
142136 | Zot:5    | Corrupted Zot:5
142136 | Zot:5    | Noticed an ancient lich
142195 | Zot:5    | Killed an ancient lich
142526 | Zot:5    | Noticed an orb of fire
142527 | Zot:5    | Gained mutation: Your magical capacity is very low. (-20%
                  | MP) [an orb of fire]
142537 | Zot:5    | Killed an orb of fire
142587 | Zot:5    | Noticed a Killer Klown
142637 | Zot:5    | Killed a Killer Klown
142801 | Zot:5    | Noticed an orb of fire
142817 | Zot:5    | Gained mutation: You are dopey. (Int -2) [an orb of fire]
142854 | Zot:4    | Killed an orb of fire
142907 | Zot:5    | Noticed an ancient lich
143064 | Zot:5    | Killed an ancient lich
143100 | Zot:5    | Noticed an orb of fire
143103 | Zot:5    | Noticed a Killer Klown
143106 | Zot:5    | Lost mutation: Your muscles are strong. (Str +2) [an orb of
                  | fire]
143325 | Zot:4    | Killed an orb of fire
143401 | Zot:5    | Killed a Killer Klown
143448 | Zot:5    | Noticed an ancient lich
143455 | Zot:5    | Killed an ancient lich
143500 | Zot:5    | Noticed an orb of fire
143513 | Zot:5    | Gained mutation: Your system is resistant to poisons.
                  | (rPois) [an orb of fire]
143518 | Zot:5    | Gained mutation: You are very frail. (-20% HP) [an orb of
                  | fire]
143522 | Zot:5    | Killed an orb of fire
143551 | Zot:5    | Noticed a Killer Klown
143580 | Zot:5    | Killed a Killer Klown
143626 | Zot:5    | Noticed a Killer Klown
143670 | Zot:5    | Killed a Killer Klown
144697 | Zot:5    | Lost mutation: Your flesh is cold resistant. (rC+) [potion
                  | of mutation]
144697 | Zot:5    | Lost mutation: Your system is resistant to poisons. (rPois)
                  | [potion of mutation]
144697 | Zot:5    | Lost mutation: You are very frail. (-20% HP) [potion of
                  | mutation]
144697 | Zot:5    | Lost mutation: You are dopey. (Int -2) [potion of mutation]
144697 | Zot:5    | Gained mutation: You are weak. (Str -2) [potion of
                  | mutation]
144697 | Zot:5    | Lost mutation: Your magical capacity is very low. (-20% MP)
                  | [potion of mutation]
144698 | Zot:5    | Lost mutation: You are weak. (Str -2) [potion of mutation]
144698 | Zot:5    | Lost mutation: Your body sometimes deteriorates upon taking
                  | damage. [potion of mutation]
144698 | Zot:5    | Lost mutation: Your magical capacity is low. (-10% MP)
                  | [potion of mutation]
144698 | Zot:5    | Gained mutation: You are weak. (Str -2) [potion of
                  | mutation]
144698 | Zot:5    | Gained mutation: Your natural rate of healing is unusually
                  | fast. [potion of mutation]
144698 | Zot:5    | Gained mutation: You are agile. (Dex +2) [potion of
                  | mutation]
144699 | Zot:5    | Lost mutation: Your spells are a little easier to cast, but
                  | a little less powerful. [potion of mutation]
144699 | Zot:5    | Lost mutation: You are frail. (-10% HP) [potion of
                  | mutation]
144699 | Zot:5    | Lost mutation: You are weak. (Str -2) [potion of mutation]
144699 | Zot:5    | Lost mutation: You are agile. (Dex +2) [potion of mutation]
144699 | Zot:5    | Gained mutation: You are dopey. (Int -2) [potion of
                  | mutation]
144699 | Zot:5    | Gained mutation: Armour fits poorly on your strangely
                  | shaped body. [potion of mutation]
144699 | Zot:5    | Gained mutation: You are somewhat resistant to further
                  | mutation. [potion of mutation]
144961 | Depths:4 | Voluntarily entered the Abyss.
144971 | Abyss:1  | Found a corrupted altar of Lugonu.
145030 | Abyss:1  | Reached skill level 1 in Earth Magic
145036 | Abyss:1  | Found a corrupted altar of Lugonu.
145191 | Abyss:2  | Reached skill level 1 in Transmutations
145421 | Abyss:2  | Reached skill level 5 in Earth Magic
145657 | Abyss:3  | Gained mutation: You heal very quickly. [a neqoxec]
145748 | Abyss:3  | Reached skill level 5 in Transmutations
145951 | Abyss:3  | Reached skill level 10 in Earth Magic
146040 | Depths:4 | Escaped the Abyss
146119 | Depths:4 | Voluntarily entered the Abyss.
146220 | Abyss:3  | Got an abyssal rune of Zot
146266 | Depths:4 | Escaped the Abyss
149588 | Zot:5    | Got the Orb of Zot
149688 | Zot:2    | Reached skill level 10 in Translocations
149691 | Zot:2    | Noticed Yrchomogh the pandemonium lord
150224 | D:$      | Escaped with the Orb!

Illustrated notes

Levels and vault maps discovered:
D:1:      minmay_arrival_doors, layout_rooms, hangedman_glass_garden,
          minmay_indecisive_spiral
D:2:      layout_basic, uniq_terence
D:3:      layout_rooms, eat_drink_and_be_merry_uskayaw, uniq_ijyb, uniq_grinder
D:4:      layout_gridville, temple_statues, serial_undead, serial_undead_e,
          serial_undead_a, serial_undead_c, serial_undead_d
D:5:      layout_loops_corners, gup_ossuary_entry_pyramid,
          nicolae_tso_swordbearing_angel
D:6:      kennysheep_windowed_halls, layout_layer_cave, good_gods_mini_temple,
          fiery_altar_vehumet, serial_shops, nicolae_shop_behind_doors,
          uniq_pikel, uniq_edmund, uniq_prince_ribbit1
D:7:      layout_basic, grunt_temple_overflow_open
D:8:      layout_gridville, lair_entry_dummy, serial_shops, nicolae_shop_stone,
          chequers_serial_rivers_marsh
D:9:      minmay_chambers_of_sevens, layout_cave_pools,
          ebering_ghost_rock_garden
D:10:     layout_loops_cross, serial_shops, shop_statue,
          gammafunk_ghost_stat_death, uniq_fannar, uniq_psyche
D:11:     layout_roguey, enter_bailey_2
D:12:     layout_gridville, minmay_bent
D:13:     layout_gridville
D:14:     layout_loops_corners, david_vaults_4, serial_bayou_pond_e
D:15:     grunt_enter_depths_snipers, layout_stronghold, dk_noncrumbling_2,
          serial_shops, nicolae_shop_crystal, corexii_checkpoint_a,
          nicolae_dithmenos_the_darkroom
Temple:   jpeg_temple_alley_garden
Lair:1:   layout_cave_pods, worms_lemuel, uniq_erica
Lair:2:   layout_chaotic_city, minmay_lair_oklob_chamber
Lair:3:   layout_cave_pods, nicolae_swamp_entry_splash_gauntlet,
          portal_ice_cave_rime, infiniplex_staircase_pool, grunt_megastairs_4
Lair:4:   layout_layer_cave, dummy_snake_entry, nicolae_volcano_entry_two_sided,
          guppyfry_lair_drakes, uniq_sonja, uniq_nergalle
Lair:5:   layout_misc_corridors, slime_altar_1, kennysheep_basilisk_garden
Lair:6:   due_jungle_book, layout_gridlike, nzn_masters_of_martial_movement,
          serial_bayou_shore_a
Swamp:1:  layout_basic_swamp, hangedman_swamp_pad
Swamp:2:  layout_basic_swamp, wheals_swamp_sinkhole, uniq_louise
Swamp:3:  layout_falls_marsh, hangedman_swamp_cone, uniq_jorgrun
Swamp:4:  swamp_alternative, layout_basic_swamp, swamp_pool3,
          hangedman_swamp_dais, uniq_mara
Snake:1:  layout_misc_corridors, serial_shops, shop, grunt_ministairs_4,
          minmay_shoptagon
Snake:2:  hangedman_cross_stitches, layout_gridlike, serial_shops, shop,
          serial_bayou_shore_b, minmay_shop_grove, uniq_asterion
Snake:3:  layout_layer_cave, serial_shops, shop, shop, grunt_ministairs_6
Snake:4:  johnstein_snake_rune_scales, layout_onion, gammafunk_ghost_cemetery,
          st_stairs_10, uniq_vashnia, uniq_aizul
Slime:1:  layout_caves
Slime:2:  layout_caves
Slime:3:  layout_caves
Slime:4:  layout_caves
Slime:5
Orc:1:    gammafunk_beogh_shrine, layout_diamond_mine, basic_altar,
          gammafunk_ghost_smash, uniq_gastronok
Orc:2:    st_orc_pillars, layout_diamond_mine, statue_in_the_mist_lemuel,
          bloody_trog
Elf:1:    elf_arrival_002, layout_rooms, evilmike_minifort, grunt_megastairs_5
Elf:2:    layout_loops_cross, basic_altar, uniq_donald
Elf:3:    minmay_elf_hall_hex, layout_geoelf_octagon, serial_shops, shop,
          nicolae_shop_statue_plus
Vaults:1: v_misc_17, vaults_room_grid, v_misc_11, vaults_dpeg_diagonal,
          ontoclasm_vaults_echo, v_misc_15,
          vaults_room_grunt_arrival_checkpoint, v_misc_12,
          nicolae_vaults_little_squares_5, vaults_room_pools,
          ontoclasm_vaults_decontamination, layout_vaults_omnicross, basic_altar
Vaults:2: v_misc_29, nicolae_vaults_asterisk, vaults_mumra_minichess_inversion,
          vaults_mumra_lcd, ontoclasm_vaults_chip, v_misc_15,
          ontoclasm_vaults_loading_screen, vaults_room_mumra_shop_pool,
          layout_vaults_omnigrid, serial_shops, shop_statue, uniq_frederick
Vaults:3: dpeg_vaults_monster_row, ontoclasm_vaults_idyll,
          hangedman_vaults_slice, ontoclasm_vaults_eye,
          vaults_standard_mumra_enter_the_diamond,
          nicolae_vaults_little_squares_3, minmay_crypt_entry_nasty_monster,
          vaults_room_door_hall, ontoclasm_vaults_spin, grunt_tower_of_power,
          nicolae_vaults_little_squares_4, vaults_room_pool, v_misc_24,
          layout_vaults_omnibox, serial_shops, shop, uniq_boris
Vaults:4: vaults_standard_mumra_lines, ontoclasm_vaults_pinch,
          grunt_vaults_trifunnel, nicolae_vaults_rhombus_5,
          hangedman_vaults_corner, v_rooms_3, v_misc_15, v_misc_19,
          dpeg_vaults_monster_box, v_pattern_1, nicolae_vaults_little_squares_6,
          layout_vaults_chaotic_city, serial_shops, bzr_entry_road,
          shop_fountains, shop
Vaults:5
Crypt:1:  layout_catacombs
Crypt:2:  cheibrodos_crypt_eye_of_stone, layout_chaotic_city, grunt_megastairs_2
Crypt:3:  david_glass_crypt, layout_rooms, nicolae_tomb_entry_grand_gallery
Depths:1: layout_long_grid, enter_ziggurat_d, pf_coc_iceberg, abyss_entry,
          roderic_lattice_a, lemuel_flamethrower_3, uniq_nikola
Depths:2: gammafunk_the_bubble [the_bubble_gammafunk_roulette],
          layout_gridville, minmay_misc_feat_tiny, serial_shops, shop_fountains,
          shop_statue, shop, shop, nicolae_shop_statue_plus, lightli_too_deep,
          guppyfry_shop_venom, minmay_shop_star, uniq_enchantress
Depths:3: nicolae_whirlpool, layout_cave_shapes, grunt_pan_entry_in_and_out,
          pf_vacation_house_of_asmodeus, infiniplex_staircase_spiral,
          serial_bayou_shore_b, uniq_bai_suzhen, uniq_margery
Depths:4: nzn_winding_woodlands_medium [nzn_winding_woodlands_5x5_three,
          nzn_winding_woodlands_5x15_garden,
          nzn_winding_woodlands_5x5_open_star, nzn_winding_woodlands_hourglass,
          nzn_winding_woodlands_center_diamonds,
          nzn_winding_woodlands_5x5_default,
          nzn_winding_woodlands_5x5_perimeter,
          nzn_winding_woodlands_5x15_jagged, nzn_winding_woodlands_5x5_cross],
          layout_honeycomb, hell_entry, abyss_entry,
          chequers_serial_rivers_micro_b, nicolae_trove_entry_diagonal,
          minmay_staircase_bubble
Depths:5: lemuel_castle_with_subvaults [lemuel_castle_interior_carwin_2],
          layout_basic, minmay_misc_feat_columns, grunt_hell_entry_dis_grunt,
          grunt_pan_entry_spiral
Zot:1:    layout_gridville
Zot:2:    layout_misc_corridors
Zot:3:    layout_misc_corridors, st_large_dragon_hoard_4
Zot:4:    kennysheep_oblong_rooms, layout_misc_corridors
Zot:5:    layout_misc_corridors

Skill      XL: |  1  2  3  4  5  6  7  8  9 10 11 12 13 14 15 16 17 18 19 20 21 22 23 24 25 26 27 |
---------------+----------------------------------------------------------------------------------+-----
Polearms       | 3 4 5 6 7 9 10 11 12 13 14 15 16 17 18 19 20 21 22 23 26 | 26.0
Fighting       | 4 5 6 7 8 9 10 11 12 13 14 15 16 17 18 19 25 | 25.1
Armour         | 3 4 5 6 7 8 9 10 11 12 13 14 15 16 17 18 19 23 | 23.3
Invocations    | 4 6 8 10 11 13 14 15 16 17 18 19 20 21 22 27 | 27.0
Shields        | 2 4 6 7 9 10 11 12 13 14 15 | 15.0
Evocations     | 3 5 6 8 10 11 12 13 | 13.2
Dodging        | 2 4 6 7 8 9 10 17 | 17.8
Translocations | 10 | 10.5
Earth Magic    | 12 | 12.1
Transmutations | 6 |  6.9

Action                   |  1- 3 |  4- 6 |  7- 9 | 10-12 | 13-15 | 16-18 | 19-21 | 22-24 | 25-27 || total
-------------------------+-------+-------+-------+-------+-------+-------+-------+-------+-------++-------
Melee: Spear             |    89 |   196 |    72 |       |       |       |       |       |       ||   357
       Trident           |       |       |   552 |       |       |       |       |       |       ||   552
       Halberd           |       |       |     2 |   656 |   726 |   485 |       |       |       ||  1869
       Unarmed           |       |       |       |     1 |       |       |       |       |     4 ||     5
       Glaive            |       |       |       |       |   738 |  1158 |  1471 |  1876 |   507 ||  5750
       Bardiche          |       |       |       |       |       |       |       |   188 |  5701 ||  5889
 Fire: Hunting sling     |       |     4 |    11 |       |       |       |       |       |       ||    15
       Fustibalus        |       |       |       |       |       |     3 |       |       |       ||     3
Throw: Stone             |    46 |    37 |    54 |       |       |       |       |       |       ||   137
       Dart              |       |       |       |       |    13 |       |       |       |     1 ||    14
       Throwing net      |       |       |       |       |       |       |       |       |     2 ||     2
 Cast: Apportation       |       |       |       |       |       |       |       |       |     1 ||     1
       Passwall          |       |       |       |       |       |       |       |       |     1 ||     1
Invok: Depart the Abyss  |     1 |       |       |       |       |     1 |     1 |       |     8 ||    11
       Bend Space        |       |       |     4 |     1 |       |       |     1 |     2 |     5 ||    13
       Banish            |       |       |       |    13 |     9 |    20 |     4 |     2 |     5 ||    53
       Enter the Abyss   |       |       |       |       |       |     1 |     1 |       |       ||     2
       Corrupt           |       |       |       |       |       |       |     1 |       |     3 ||     4
 Abil: Dig               |       |     1 |     4 |    32 |    28 |    26 |    31 |     9 |   195 ||   326
       Shaft Self        |       |       |       |     1 |       |     1 |       |       |       ||     2
       Evoke Flight      |       |       |       |       |       |       |       |     1 |     1 ||     2
       Stop Flying       |       |       |       |       |       |       |       |       |     1 ||     1
Evoke: Wand              |       |       |       |       |       |       |       |     1 |     6 ||     7
       Phial of floods   |       |       |       |       |       |       |       |     1 |       ||     1
       Box of beasts     |       |       |       |       |       |       |       |       |     2 ||     2
  Use: Scroll            |       |     4 |    11 |     5 |    12 |     7 |     4 |     4 |    66 ||   113
       Potion            |       |       |       |       |       |     3 |       |     1 |    19 ||    23
 Stab: Distracted        |       |       |       |       |       |       |     2 |       |     3 ||     5
       Paralysed         |       |       |       |       |       |       |       |       |     1 ||     1
Armor: Leather armour    |     8 |    24 |     3 |       |       |       |       |       |       ||    35
       Ring mail         |       |       |    52 |       |       |       |       |       |       ||    52
       Chain mail        |       |       |   103 |       |       |       |       |       |       ||   103
       Plate armour      |       |       |       |   209 |   467 |   412 |   231 |   257 |   217 ||  1793
       Gold dragon scale |       |       |       |       |       |       |       |       |  1579 ||  1579
       Acid dragon scale |       |       |       |       |       |       |       |       |     1 ||     1
Dodge: Dodged            |    25 |    73 |   179 |   121 |   188 |   204 |   139 |   208 |  1074 ||  2211
       Repelled          |       |       |       |       |     4 |     2 |       |       |       ||     6
Block: Kite shield       |       |       |    48 |       |       |       |   403 |       |       ||   451
       Tower shield      |       |       |    33 |   455 |   928 |  1029 |   635 |  1181 |  4039 ||  8300
       Reflection        |       |       |       |       |       |       |   157 |    89 |   112 ||   358
       Rpst.: Glaive     |       |       |       |       |     6 |    29 |    22 |    39 |    12 ||   108
       Halberd           |       |       |       |       |       |     6 |       |       |       ||     6
       Bardiche          |       |       |       |       |       |       |       |     8 |   143 ||   151
